 Dungeon Sprint DCSS version 0.25.0-46-gbd7b0854d2 (webtiles) character file.

Game seed: 7487804786709882852

444182 MordorOrchid the Cryomancer (level 18, 145/145 HPs)
             Began as an Octopode Earth Elementalist on July 16, 2020.
             Was an Initiate of Gozag.
             Escaped with the Orb!
             The game lasted 01:03:42 (3403 turns).

MordorOrchid the Cryomancer (OpEE)                  Turns: 3403, Time: 01:03:42

Health: 145/145    AC: 13    Str: 17    XL:     18   Next: 60%
Magic:  71/71      EV: 17    Int: 42    God:    Gozag
Gold:   16977      SH: 32    Dex: 17    Spells: 3/61 levels left

rFire    . . .     SeeInvis +   a - +7 Singing Sword {vorpal, sonic wave}
rCold    + . .     Gourm    .   A - +18 shield of the Gong {rElec rN+ MR+ EV-5}
rNeg     + + +     Faith    .   j - +4 hat of the Farmer {Int+3}
rPois    .         Spirit   .   t - amulet of the Four Winds {rN+ MR+++ Clar}
rElec    +         Reflect  .   L - ring "Damuh" {rC+ rN+ MP+9 SInv}
rCorr    +         Harm     .   v - ring of the Mage {Wiz MR++ Int+3}
MR       +++++     Clarity  +   Z - ring of Ripn {rCorr Int+6 Dex+4} Stlth ++........NoTele +
                                w - +6 ring of intelligence
HPRegen  0.74/turn              x - ring of Rurum {Str+6 Int+3 SInv Stlth+}
MPRegen  0.42/turn              l - ring of Robustness {AC+8}
                                N - ring of Saha Say {MR+ MP+9}
                                P - ring of Xom's Full Attention {rN+ MR+ MP+9 SInv}

@: studying 3 skills
A: almost no armour, stealthy swim, amphibious, 8 rings, constrict 8, camouflage
1, dopey 1, regeneration 1, strong 1, gelatinous body 1
0: Orb of Zot
a: Potion Petition, Call Merchant, Bribe Branch, Renounce Religion


You escaped.
You worshipped Gozag.
Gozag was extremely pleased with you.
You were not hungry.

You visited 1 branch You collected 30627 gold pieces.
You spent 728 gold pieces at shops.
You paid 12922 gold pieces to Gozag.

Inventory:

Hand Weapons
 a - the +7 Singing Sword (weapon) {vorpal, sonic wave}
   (You found it in the Dungeon)

   It inflicts extra damage upon your enemies.
 O - the +0 staff of Battle
   (You found it in the Dungeon)
 W - a +9 vorpal quick blade
Missiles
 b - 88 stones (quivered)
 u - a throwing net
 J - 1228 arrows
 U - 44 javelins
Armour
 j - the +4 hat of the Farmer (worn) {Int+3}
   (You acquired it in the Dungeon)

   It affects your intelligence (+3).
 A - the +18 shield of the Gong (worn) {rElec rN+ MR+ EV-5}
   (You found it in the Dungeon)

   It affects your evasion (-5).
   It insulates you from electricity.
   It protects you from negative energy.
   It affects your resistance to hostile enchantments.
Magical Staves
 r - an uncursed staff of energy
 z - an uncursed staff of wizardry
Jewellery
 l - the ring of Robustness (on tentacle) {AC+8}
   (You took it off a vampire in the Dungeon)

   [ring of protection]

   It affects your AC (+8).
 t - the amulet of the Four Winds (around mantle) {rN+ MR+++ Clar}
   (You found it in the Dungeon)

   [amulet of nothing]

   It protects you from negative energy.
   It affects your resistance to hostile enchantments.
   It protects you against confusion.
 v - the ring of the Mage (right tentacle) {Wiz MR++ Int+3}
   (You took it off a wight in the Dungeon)

   [ring of wizardry]

   It improves your spell success rate.
   It affects your intelligence (+3).
   It affects your resistance to hostile enchantments.
 w - a +6 ring of intelligence (on tentacle)
 x - the ring of Rurum (on tentacle) {Str+6 Int+3 SInv Stlth+}
   (You found it in the Dungeon)

   [ring of strength]

   It affects your strength (+6).
   It affects your intelligence (+3).
   It lets you see invisible.
   It makes you more stealthy.
 y - a +6 ring of strength
 L - the ring "Damuh" (left tentacle) {rC+ rN+ MP+9 SInv}
   (You found it in the Dungeon)

   [ring of see invisible]

   It protects you from cold.
   It protects you from negative energy.
   It affects your magic capacity (+9).
   It lets you see invisible.
 N - the ring of Saha Say (on tentacle) {MR+ MP+9}
   (You found it in the Dungeon)

   [ring of magical power]

   It affects your resistance to hostile enchantments.
   It affects your magic capacity (+9).
 P - the ring of Xom's Full Attention (on tentacle) {rN+ MR+ MP+9 SInv}
   (You found it in the Dungeon)

   [ring of see invisible]

   It protects you from negative energy.
   It affects your resistance to hostile enchantments.
   It affects your magic capacity (+9).
   It lets you see invisible.
 R - the ring "Rudeuqif" {rPois rF+++ rC- MR+ Slay+5}
   (You found it in the Dungeon)

   [ring of protection from magic]

   It affects your accuracy and damage with ranged weapons and melee attacks
   (+5).
   It renders you almost immune to fire.
   It makes you vulnerable to cold.
   It protects you from poison.
   It affects your resistance to hostile enchantments.
 X - an uncursed amulet of regeneration
 Y - the ring of Ryagonlu {+Fly rF+ rC++ SInv}
   (You found it in the Dungeon)

   [ring of see invisible]

   It protects you from fire.
   It greatly protects you from cold.
   It lets you see invisible.
   It lets you fly.
 Z - the ring of Ripn (on tentacle) {rCorr Int+6 Dex+4}
   (You took it off a wight in the Dungeon)

   [ring of resist corrosion]

   It affects your intelligence (+6).
   It affects your dexterity (+4).
   It provides partial protection from all sources of acid and corrosion.
Wands
 o - a wand of disintegration (7)
 p - a wand of iceblast (18)
 q - a wand of acid (17)
 Q - a wand of enslavement (7)
Scrolls
 i - a scroll of brand weapon
 D - 5 scrolls of amnesia
 E - 9 scrolls of fog
 F - 2 scrolls of holy word
 G - 6 scrolls of identify
 H - 4 scrolls of remove curse
 I - 2 scrolls of fear
Potions
 d - 9 potions of curing
 e - 18 potions of heal wounds
 f - 18 potions of haste
 g - 5 potions of magic
 h - 3 potions of berserk rage
 k - 4 potions of resistance
 m - 4 potions of stabbing
 n - a potion of might
 B - 2 potions of brilliance
Books
 C - a manual of Transmutations
 M - a manual of Evocations
 V - a manual of Necromancy
Miscellaneous
 s - a lightning rod (4/4)
 K - a tin of tremorstones (3/3)
 S - 14 phantom mirrors
 T - 15 boxes of beasts
Comestibles
 c - 6 rations


   Skills:
 - Level 20.0 Fighting
 - Level 16.0 Long Blades
 - Level 12.0 Dodging
 - Level 2.6 Stealth
 - Level 15.0 Shields
 - Level 22.0 Spellcasting
 - Level 22.0 Conjurations
 * Level 10.0 Necromancy
 * Level 12.0 Transmutations
 - Level 22.0 Fire Magic
 * Level 22.5 Ice Magic
 + Level 16.2 Earth Magic
 - Level 12.0 Evocations


You had 3 spell levels left.
You knew the following spells:

 Your Spells              Type           Power        Failure   Level  Hunger
a - Sandblast             Erth           ######       0%          1    None
r - Irradiate             Conj/Tmut      ########..   0%          5    None
t - Sticks to Snakes      Tmut           #######.     0%          2    None
D - Petrify               Tmut/Erth      ########     0%          4    None
E - Borgnjor's Vile Clut  Necr/Erth      ########..   1%          5    None
F - Fire Storm            Conj/Fire      ########..   2%          9    ###....
L - Absolute Zero         Ice            ########..   1%          9    ###....
O - Shatter               Erth           ########..   22%         9    ###....
R - Ignition              Fire           ########..   1%          8    None
Y - Statue Form           Tmut/Erth      ########.    1%          6    None

Your spell library contained the following spells:

 Spells                   Type           Power        Failure   Level  Hunger
 Animate Skeleton         Necr           N/A          0%          1    None
 Beastly Appendage        Tmut           ######       0%          1    None
 Foxfire                  Conj/Fire      ####         0%          1    None
 Magic Dart               Conj           ####         0%          1    None
 Shock                    Conj/Air       ####         0%          1    None
 Ensorcelled Hibernation  Hex/Ice        ######       0%          2    None
 Passwall                 Tmut/Erth      ########     0%          2    None
 Searing Ray              Conj           ######       0%          2    None
 Sublimation of Blood     Necr           #######...   0%          2    None
 Conjure Flame            Conj/Fire      ########     0%          3    None
 Dazzling Flash           Conj/Hex       ######       0%          3    None
 Ignite Poison            Fire/Tmut/Pois #######.     0%          3    None
 Ozocubu's Armour         Chrm/Ice       #######.     0%          3    None
 Static Discharge         Conj/Air       #######.     0%          3    None
 Stone Arrow              Conj/Erth      ######       0%          3    None
 Vampiric Draining        Necr           #######...   0%          3    None
 Apportation              Tloc           #####.       1%          1    None
 Corona                   Hex            #####..      1%          1    None
 Infusion                 Chrm           ####         1%          1    None
 Sting                    Tmut/Pois      ####         1%          1    None
 Summon Small Mammal      Summ           ####         1%          1    None
 Blink                    Tloc           N/A          1%          2    None
 Call Imp                 Summ           #####...     1%          2    None
 Corpse Rot               Necr/Air       N/A          1%          2    None
 Poisonous Vapours        Pois/Air       #####.       1%          2    None
 Shroud of Golubria       Chrm/Tloc      #####.       1%          2    None
 Slow                     Hex            #####...     1%          2    None
 Song of Slaying          Chrm           #####...     1%          2    None
 Swiftness                Chrm/Air       #####...     1%          2    None
 Confusing Touch          Hex            #####...     1%          3    None
 Gell's Gravitas          Tloc           #####.....   1%          3    None
 Mephitic Cloud           Conj/Pois/Air  #######.     1%          3    None
 Portal Projectile        Hex/Tloc       #####.       1%          3    None
 Recall                   Summ/Tloc      N/A          1%          3    None
 Spectral Weapon          Hex/Chrm       #####...     1%          3    None
 Spider Form              Tmut/Pois      #######...   1%          3    None
 Summon Guardian Golem    Hex/Summ       #####...     1%          3    None
 Teleport Other           Tloc           #####...     1%          3    None
 Tukima's Dance           Hex            #####...     1%          3    None
 Ice Form                 Ice/Tmut       ########     0%          4    None
 Sticky Flame             Conj/Fire      ########     0%          4    None
 Bolt of Magma            Conj/Fire/Erth ########..   0%          5    None
 Fireball                 Conj/Fire      ########..   0%          5    None
 Lee's Rapid Deconstruct  Erth           ########..   0%          5    None
 Ozocubu's Refrigeration  Ice            ########..   0%          6    None
 Starburst                Conj/Fire      ########..   0%          6    None
 Airstrike                Air            #####.....   1%          4    None
 Animate Dead             Necr           N/A          1%          4    None
 Cause Fear               Hex            #####.....   1%          4    None
 Dispel Undead            Necr           #######.     1%          4    None
 Fulminant Prism          Conj/Hex       #######...   1%          4    None
 Iskenderun's Mystic Bla  Conj/Tloc      #######.     1%          4    None
 Leda's Liquefaction      Hex/Erth       #######...   1%          4    None
 Summon Lightning Spire   Summ/Air       #####...     1%          4    None
 Agony                    Necr           #######.     1%          5    None
 Alistair's Intoxication  Tmut/Pois      #######.     1%          5    None
 Blade Hands              Tmut           #######...   1%          5    None
 Excruciating Wounds      Chrm/Necr      ######....   1%          5    None
 Iskenderun's Battlesphe  Conj/Chrm      #######.     1%          5    None
 Lightning Bolt           Conj/Air       #######...   1%          5    None
 Metabolic Englaciation   Hex/Ice        #######...   1%          5    None
 Yara's Violent Unravell  Hex/Tmut       #######...   1%          5    None
 Conjure Ball Lightning   Conj/Air       #######...   1%          6    None
 Death Channel            Necr           #######...   1%          6    None
 Freezing Cloud           Conj/Ice/Air   ########..   1%          6    None
 Hydra Form               Tmut           #######...   1%          6    None
 Simulacrum               Ice/Necr       ########..   1%          6    None
 Dragon Form              Tmut           #######...   1%          7    None
 Ring of Flames           Chrm/Fire      #######...   1%          7    None
 Lehudib's Crystal Spear  Conj/Erth      ########..   1%          8    None
 Eringya's Noxious Bog    Tmut/Pois      #######...   2%          6    None
 Aura of Abjuration       Summ           #####.....   4%          5    None
 Silence                  Hex/Air        #####.....   4%          5    None
 Summon Demon             Summ           #####.....   4%          5    None
 Summon Forest            Summ/Tloc      #####.....   4%          5    None
 Summon Mana Viper        Hex/Summ       #####...     4%          5    None
 Chain Lightning          Conj/Air       #######...   13%         8    None
 Necromutation            Tmut/Necr      #######...   13%         8    None
 Haunt                    Necr/Summ      ######....   19%         7    None
 Borgnjor's Revivificati  Necr           #######...   19%         8    None
 Infestation              Necr           #######...   19%         8    None
 Darkness                 Hex            #####.....   26%         6    None
 Dispersal                Tloc           #####.....   26%         6    None
 Invisibility             Hex            #####...     26%         6    None
 Shadow Creatures         Summ           N/A          26%         6    None
 Malign Gateway           Summ/Tloc      #####.....   80%         7    None
 Monstrous Menagerie      Summ           #####.....   80%         7    None
 Summon Greater Demon     Summ           #####.....   80%         7    None
 Summon Hydra             Summ           #####.....   80%         7    None
 Death's Door             Chrm/Necr      ######....   80%         8    None
 Controlled Blink         Tloc           N/A          100%        8    None
 Discord                  Hex            #####.....   100%        8    None
 Disjunction              Tloc           #####.....   100%        8    None
 Summon Horrible Things   Summ           #####.....   100%        8    None
 Tornado                  Air            #####.....   100%        9    ###....
 Passage of Golubria      Tloc           Unusable     N/A         4    N/A

Dungeon Overview and Level Annotations

Branches:
Dungeon (1/1)

Altars:
Ashenzari
Cheibriados
Dithmenos
Elyvilon
Fedhas
Gozag
Hepliaklqana
Kikubaaqudgha
Makhleb
Nemelex Xobeh
Okawaru
Qazlal
Ru
Sif Muna
Trog
Uskayaw
Vehumet
Wu Jian
Xom
Yredelemnul
Zin
The Shining One
Beogh
Jiyva
Lugonu

Shops:
D **

Annotations:
D Aizul, Asmodeus, Azrael, Cerebov, Chuck, Dispater, Donald, Ereshkigal, Geryon, Harold, Jory, Louise, Mara, Margery, Mennas, Murray, Nellie, Polyphemus, Royal Jelly, Serpent of Hell


Innate Abilities, Weirdness & Mutations

You cannot wear most types of armour.
You are very stealthy in the water. (Stealth+)
You are amphibious.
You can wear up to eight rings at the same time.
You can use your tentacles to constrict eight enemies at once.
Your skin changes colour to match your surroundings (Stealth+).
Your rubbery body absorbs attacks. (AC +1, EV +1)
You are dopey. (Int -2)
Your natural rate of healing is unusually fast.
Your muscles are strong. (Str +2)


Message History

The floor.
Unknown command.
Casting: Fire Storm (dangerous; 2% risk of failure)
Confirm with . or Enter, or press ? or * to list all spells.
Okay, then.
Unknown command.
Unknown command.
You eat one of the 7 rations.
That ration really hit the spot!
There is a transporter here.
Okay, then.
An exit appears before you!
You enter the transporter and appear at another place.
Found the Orb of Zot.
Found a staircase leading out of the dungeon.
You see here the Orb of Zot.
You pick up the Orb of Zot!
The Orb lets out a hideous shriek!
The lords of Pandemonium are not amused.
Beware!
Now all you have to do is get back out of the dungeon!
There is a staircase leading out of the dungeon here.
You have escaped!

............▓.........)..[▓...8©8
............▓......[)"....▓...[=.
............▓......).)....▓..)..|
............▓......[.)..).▓...).)
............▓...b..©......▓...)).
............▓▓▓▓▓▓▓▓▓▓▓▓▓▓▓...).)
▓.......▓...▓8888888888888▓......
▓▓.....▓▓▓..▓8...........8▓..▓...
▓.......▓...▓8..@.....©..8▓.▓....
............▓8...........8▓....©.
....©.......▓8888888888888▓▓▓▓▓▓▓
▓▓▓▓▓▓▓▓▓▓▓▓▓▓▓▓▓▓▓▓▓▓▓▓▓▓▓▓▓▓▓▓▓
J..@.8©8....... ▓........8©8.....
:[:.|.[)}}:[:). ▓.|.:})))..[}|.)[
:..JJ:}[::.|:.| ▓.}|[:}}...))[)..
[[|..:..):".:|. ▓..:.}}.:[.}[.|).
..J......)..... ▓........:.).....


There were no monsters in sight!

Vanquished Creatures
  An ancient lich (D)
  A greater mummy (D)
  3 liches (D)
  3 deep elf master archers (D)
  A deep elf blademaster (D)
  12 acid blobs (D)
  A tentacled starspawn (D)
  A deep elf sorcerer (D)
  7 azure jellies (D)
  4 ghost moths (D)
  An emperor scorpion (D)
  An orc warlord (D)
  2 balrugs (D)
  15 spriggan defenders (D)
  2 ghouls (D)
  An entropy weaver (D)
  4 vampire knights (D)
  Nessos (D)
  3 deep elf annihilators (D)
  A spark wasp (D)
  4 dire elephants (D)
  4 merfolk javelineers (D)
  14 death oozes (D)
  2 merfolk impalers (D)
  4 great orbs of eyes (D)
  4 mummy priests (D)
  3 deep elf high priests (D)
  8 spriggan air magi (D)
  An ice dragon (D)
  An anaconda (D)
  A merfolk aquamancer (D)
  2 satyrs (D)
  2 death scarabs (D)
  3 shambling mangroves (D)
  15 spriggan berserkers (D)
  A thrashing horror (D)
  A vampire mage (D)
  4 deep elf knights (D)
  4 glowing orange brains (D)
  6 skeletal warriors (D)
  4 spriggan druids (D)
  A flayed ghost (D)
  3 starcursed masses (D)
  3 deep elf archers (D)
  An ironbrand convoker (D)
  An orc knight (D)
  A harpy (D)
  5 necromancers (D)
  4 wolf spiders (D)
  A shining eye (shapeshifter) (D)
  7 shining eyes (D)
  2 oklob plants (D)
  3 orb spiders (D)
  6 deep elf magi (D)
  2 orc sorcerers (D)
  2 manticores (D)
  4 fauns (D)
  3 moths of wrath (D)
  A worldbinder (D)
  2 toenail golems (D)
  A vault sentinel (D)
  9 eyes of devastation (D)
  A smoke demon (D)
  A hellion (D)
  2 demonic crawlers (D)
  6 dryads (D)
  2 freezing wraiths (D)
  A hellwing (D)
  2 ice devils (D)
  A troll (D)
  4 jumping spiders (D)
  9 guardian mummies (D)
  5 merfolk (D)
  3 wind drakes (D)
  A raiju (D)
  12 hornets (D)
  31 slime creatures (D)
  A snapping turtle (D)
  8 shadows (D)
  A spriggan (D)
  A redback (D)
  5 flying skulls (D)
  2 ynoxinuls (D)
  2 tarantellas (D)
  A wraith (D)
  8 vampires (D)
  3 ushabtiu (D)
  A water elemental (D)
  4 golden eyes (D)
  A neqoxec (D)
  An insubstantial wisp (D)
  A warg (D)
  An acid dragon (D)
  3 floating eyes (D)
  3 hell hounds (D)
  5 orc warriors (D)
  An ice beast (D)
  2 eyes of draining (D)
  2 necrophages (D)
  A small abomination (D)
  A wolf (D)
  An earth elemental (D)
  12 wights (D)
  3 crimson imps (D)
  A quasit (D)
  13 jellies (D)
  3 iron imps (D)
  8 orc priests (D)
  4 orc wizards (D)
  8 mummies (D)
  2 shadow imps (D)
  2 white imps (D)
  2 ufetubi (D)
  5 oozes (D)
  4 adder skeletons (D)
  4 adder zombies (D)
  5 orcs (D)
  6 bat skeletons (D)
  6 bat zombies (D)
  A bat simulacrum (D)
  A jackal skeleton (D)
  A jackal zombie (D)
  A leopard gecko skeleton (D)
  2 leopard gecko zombies (D)
  A quokka skeleton (D)
  2 butterflies (D)
  A starspawn tentacle (D)
454 creatures vanquished.

Vanquished Creatures (collateral kills)
  2 mummy priests (D)
  2 toenail golems (D)
  A guardian mummy (D)
  A troll (D)
  A flying skull (D)
  2 air elementals (D)
  An ushabti (D)
  A hell hound (D)
  2 orc warriors (D)
  3 orc wizards (D)
  4 orc priests (D)
  An orc (D)
  A bat skeleton (D)
  A bat zombie (D)
  A giant cockroach zombie (D)
  A jackal skeleton (D)
25 creatures vanquished.

Vanquished Creatures (others)
  the Lernaean hydra (D)
  26 acid blobs (D)
  Gastronok (D)
  Kirke (D)
  32 azure jellies (D)
  Snorg (D)
  29 death oozes (D)
  Josephine (D)
  Erolcha (D)
  Erica (D)
  4 dancing weapons (D)
  Joseph (D)
  A merfolk (D)
  Prince Ribbit (D)
  Grinder (D)
  Sigmund (D)
  Eustachio (D)
  Menkaure (D)
  2 insubstantial wisps (D)
  Purgy (D)
  Dowan (D)
  Crazy Yiuf (D)
  Jessica (D)
  A block of ice (D)
  12 fire vortices (D)
  A starspawn tentacle (D)
125 creatures vanquished.

Grand Total: 604 creatures vanquished

Notes
Turn   | Place    | Note
-------+----------+-------------------------------------------
     0 | D        | MordorOrchid the Octopode Earth Elementalist began the
                  | quest for the Orb.
     0 | D        | Reached XP level 1. HP: 11/11 MP: 3/3
     0 | D        | Found a shimmering blue altar of Sif Muna.
     0 | D        | Found a sacrificial altar of Ru.
     0 | D        | Found a bloodstained altar of Trog.
     0 | D        | Found a stormy altar of Qazlal.
     0 | D        | Found an iron altar of Okawaru.
     0 | D        | Found a sparkling altar of Nemelex Xobeh.
     0 | D        | Found a blossoming altar of Fedhas.
     1 | D        | Found the +6 Majin-Bo {vamp, Archmagi MP+6 Int+6}
     1 | D        | Found the +7 great mace "Firestarter" {inner flame, rF++}
     3 | D        | Killed Crazy Yiuf
     6 | D        | Found a corrupted altar of Lugonu.
     6 | D        | Found an ancient bone altar of Kikubaaqudgha.
     6 | D        | Found a burning altar of Makhleb.
     6 | D        | Found a transporter.
     6 | D        | Found a viscous altar of Jiyva.
     6 | D        | Found a hazy altar of Hepliaklqana.
    23 | D        | Found the +9 heavy crossbow "Sniper" {vorpal, Acc+∞ SInv}
    23 | D        | Found the +10 dark maul {vorpal}
    23 | D        | Found the +15 Maxwell's patent armour {-Cast -Tele rElec
                  | MR+ rCorr}
    23 | D        | Found the +18 shield of the Gong {rElec rN+ MR+ EV-5}
    23 | D        | Found the cursed +14 obsidian axe {vorpal, +Fly SInv
                  | *Curse}
    30 | D        | Found the +6 shillelagh "Devastator" {shatter}
    30 | D        | Found the +11 plutonium sword {*Contam Stlth-}
    30 | D        | Found the +8 lance "Wyrmbane" {slay drac, rPois rF+ rC+
                  | AC+3}
    30 | D        | Found the +9 sword of Zonguldrok {reap}
    30 | D        | Found the cursed +13 scythe of Curses {drain, *Curse}
    30 | D        | Found the +0 sword of Power
    30 | D        | Found the +7 mace of Variability {chain chaos}
    30 | D        | Found the +7 Singing Sword {vorpal, sonic wave}
    30 | D        | Found the +8 storm bow {elec, penet}
    33 | D        | Found an opulent altar of Gozag.
    54 | D        | Became a worshipper of Gozag Ym Sagoz the Greedy
    60 | D        | Reached skill level 5 in Fighting
    60 | D        | Reached skill level 5 in Shields
    60 | D        | Reached XP level 2. HP: 24/24 MP: 5/5
    67 | D        | Entered arena 2.
    67 | D        | Noticed a merfolk
    67 | D        | Noticed a merfolk
    67 | D        | Found a transporter.
    72 | D        | Killed a merfolk
    72 | D        | Reached XP level 3. HP: 13/29 MP: 6/9
    72 | D        | Reached XP level 4. HP: 15/35 MP: 6/10
    72 | D        | Reached XP level 5. HP: 17/39 MP: 6/11
    76 | D        | Killed a merfolk
    76 | D        | Reached skill level 5 in Dodging
    76 | D        | Reached skill level 5 in Spellcasting
    76 | D        | Reached XP level 6. HP: 38/45 MP: 7/14
    85 | D        | Entered arena 3.
    85 | D        | Noticed an acid dragon
    85 | D        | Noticed a vault sentinel
    85 | D        | Noticed an ironbrand convoker
    85 | D        | Found a transporter.
    92 | D        | Killed an acid dragon
    92 | D        | Reached skill level 5 in Evocations
    92 | D        | Reached XP level 7. HP: 50/50 MP: 9/15
    93 | D        | Killed an ironbrand convoker
    93 | D        | Reached XP level 8. HP: 55/55 MP: 9/18
    96 | D        | Killed a vault sentinel
    96 | D        | Reached skill level 10 in Earth Magic
   107 | D        | Entered arena 4.
   107 | D        | Noticed a toenail golem
   107 | D        | Noticed a toenail golem
   107 | D        | Noticed a toenail golem
   107 | D        | Noticed a toenail golem
   107 | D        | Found a transporter.
   113 | D        | Killed a toenail golem
   115 | D        | Killed a toenail golem
   115 | D        | Reached XP level 9. HP: 59/61 MP: 13/21
   116 | D        | Killed a toenail golem
   117 | D        | Killed a toenail golem
   139 | D        | Learned a level 4 spell: Petrify
   179 | D        | Entered arena 5.
   179 | D        | Found a transporter.
   180 | D        | Found the +4 Cigotuvi's embrace {rRot *Drain rN+}
   192 | D        | Got the Almanac of Blows and Bruises
   194 | D        | Entered arena 6.
   194 | D        | Killed Dowan
   194 | D        | Found a transporter.
   199 | D        | Reached skill level 1 in Long Blades
   225 | D        | Learned a level 5 spell: Irradiate
   234 | D        | Learned a level 8 spell: Ignition
   240 | D        | Killed an azure jelly
   246 | D        | Killed Menkaure
   378 | D        | Killed a death ooze
   378 | D        | Killed an azure jelly
   393 | D        | Killed a death ooze
   433 | D        | Entered arena 7.
   433 | D        | Noticed a deep elf mage
   433 | D        | Noticed a +2 long sword of holy wrath
   433 | D        | Noticed a deep elf mage
   433 | D        | Noticed a deep elf mage
   433 | D        | Noticed a deep elf mage
   434 | D        | Found a transporter.
   436 | D        | Killed a deep elf mage
   436 | D        | Reached skill level 10 in Dodging
   436 | D        | Reached skill level 1 in Conjurations
   436 | D        | Reached skill level 1 in Fire Magic
   436 | D        | Reached XP level 10. HP: 52/67 MP: 23/23
   439 | D        | Killed a deep elf mage
   439 | D        | Reached skill level 10 in Shields
   442 | D        | Killed a +2 long sword of holy wrath
   443 | D        | Killed a deep elf mage
   444 | D        | Killed a deep elf mage
   455 | D        | Got the ring of Xom's Full Attention {rN+ MR+ MP+9 SInv}
   465 | D        | Got Kiboel's Collected Works on Intoxication and Stolen
                  | Souls
   510 | D        | Killed Jessica
   545 | D        | Entered arena 8.
   546 | D        | Reached skill level 10 in Spellcasting
   550 | D        | Found a transporter.
   572 | D        | Entered arena 9.
   573 | D        | Found a transporter.
   624 | D        | Entered arena 10.
   625 | D        | Found a transporter.
   656 | D        | Got the Compendium of the Destructive Oath
   661 | D        | Got the Volume of Good Luck and the Voyage
   675 | D        | Killed a death ooze
   706 | D        | Killed Grinder
   722 | D        | Killed an azure jelly
   745 | D        | Killed a death ooze
   753 | D        | Killed Eustachio
   756 | D        | Killed an azure jelly
   759 | D        | Killed Erica
   760 | D        | Killed an azure jelly
   769 | D        | Entered arena 11.
   770 | D        | Found a transporter.
   817 | D        | Killed Sigmund
   821 | D        | Killed a death ooze
   823 | D        | Killed Joseph
   856 | D        | Entered arena 12.
   856 | D        | Noticed a mummy priest
   857 | D        | Noticed a mummy priest
   858 | D        | Found a transporter.
   863 | D        | Reached skill level 5 in Transmutations
   864 | D        | Killed a mummy priest
   864 | D        | Reached XP level 11. HP: 75/75 MP: 25/25
   866 | D        | Killed a mummy priest
   866 | D        | Reached skill level 5 in Conjurations
   866 | D        | Reached skill level 5 in Fire Magic
   869 | D        | Killed Purgy
   903 | D        | Killed an acid blob
   933 | D        | Killed a death ooze
  1001 | D        | Killed a death ooze
  1015 | D        | Killed Prince Ribbit
  1045 | D        | Killed an azure jelly
  1054 | D        | Entered arena 13.
  1054 | D        | Noticed an orc knight
  1054 | D        | Noticed an orc sorcerer
  1054 | D        | Noticed an orc sorcerer
  1056 | D        | Noticed an orc warlord
  1057 | D        | Identified the amulet of Beucas {Faith *Drain rN++ Str-5
                  | Slay+6}
  1057 | D        | Found a transporter.
  1062 | D        | Noticed a soul eater
  1062 | D        | Killed an orc sorcerer
  1064 | D        | Killed an orc knight
  1066 | D        | Killed an orc sorcerer
  1072 | D        | Killed an orc warlord
  1111 | D        | Killed Josephine
  1126 | D        | Killed a death ooze
  1148 | D        | Killed Erolcha
  1165 | D        | Killed an azure jelly
  1211 | D        | Killed an acid blob
  1236 | D        | Killed Snorg
  1239 | D        | Killed an azure jelly
  1287 | D        | Killed an azure jelly
  1307 | D        | Killed Gastronok
  1335 | D        | Entered arena 14.
  1341 | D        | Noticed a glowing orange brain
  1341 | D        | Noticed a shining eye
  1341 | D        | Noticed a death ooze
  1342 | D        | Found the +8 Wrath of Trog {antimagic, *Rage}
  1342 | D        | Found a transporter.
  1342 | D        | Gained mutation: Your natural rate of healing is unusually
                  | fast. [a shining eye]
  1346 | D        | Gained mutation: You are dopey. (Int -2) [a shining eye]
  1347 | D        | Killed a shining eye
  1356 | D        | Killed a death ooze
  1357 | D        | Killed a glowing orange brain
  1357 | D        | Reached skill level 5 in Long Blades
  1357 | D        | Reached XP level 12. HP: 24/86 MP: 3/27
  1380 | D        | Got the Almanac of Dusty Companions
  1388 | D        | Got Susucin's Catalogue of Stones and Flames
  1398 | D        | Learned a level 6 spell: Statue Form
  1416 | D        | Killed a death ooze
  1417 | D        | Killed an azure jelly
  1419 | D        | Killed a death ooze
  1456 | D        | Killed an azure jelly
  1463 | D        | Killed an azure jelly
  1492 | D        | Killed an acid blob
  1499 | D        | Killed an acid blob
  1515 | D        | Entered arena 15.
  1516 | D        | Noticed a balrug
  1517 | D        | Identified the ring of Ripn {rCorr Int+6 Dex+4}
  1518 | D        | Identified the +7 battleaxe of the Lamprey {vorpal, MR+
                  | Str+2}
  1518 | D        | Killed a death ooze
  1523 | D        | Found a transporter.
  1530 | D        | Killed a balrug
  1530 | D        | Reached skill level 10 in Fighting
  1539 | D        | Killed an azure jelly
  1565 | D        | Killed a death ooze
  1591 | D        | Entered arena 16.
  1598 | D        | Noticed an ice dragon
  1599 | D        | Found a transporter.
  1611 | D        | Killed an ice dragon
  1647 | D        | Learned a level 5 spell: Borgnjor's Vile Clutch
  1648 | D        | Entered arena 17.
  1658 | D        | Noticed a merfolk impaler
  1658 | D        | Noticed a merfolk javelineer
  1659 | D        | Noticed a merfolk aquamancer
  1659 | D        | Noticed a merfolk javelineer
  1659 | D        | Noticed a merfolk javelineer
  1659 | D        | Noticed a merfolk impaler
  1660 | D        | Found a transporter.
  1661 | D        | Noticed a merfolk javelineer
  1663 | D        | Reached skill level 1 in Necromancy
  1664 | D        | Killed a merfolk impaler
  1664 | D        | Killed a merfolk javelineer
  1664 | D        | Killed a merfolk javelineer
  1664 | D        | Reached skill level 10 in Long Blades
  1664 | D        | Killed a merfolk aquamancer
  1664 | D        | Reached XP level 13. HP: 92/92 MP: 29/29
  1664 | D        | Killed a merfolk javelineer
  1668 | D        | Killed a merfolk impaler
  1669 | D        | Killed a merfolk javelineer
  1704 | D        | Killed an acid blob
  1713 | D        | Killed an azure jelly
  1739 | D        | Entered arena 18.
  1743 | D        | Killed an acid blob
  1749 | D        | Noticed a death ooze
  1749 | D        | Noticed a death ooze
  1749 | D        | Killed an azure jelly
  1750 | D        | Noticed a death ooze
  1750 | D        | Killed an acid blob
  1751 | D        | Found a transporter.
  1751 | D        | Killed a death ooze
  1752 | D        | Gained mutation: Your muscles are strong. (Str +2) [a
                  | shining eye]
  1754 | D        | Killed a death ooze
  1754 | D        | Reached skill level 5 in Necromancy
  1754 | D        | Killed a death ooze
  1754 | D        | Reached skill level 10 in Conjurations
  1754 | D        | Reached skill level 10 in Fire Magic
  1755 | D        | Killed a death ooze
  1757 | D        | Reached skill level 15 in Shields
  1788 | D        | Killed an azure jelly
  1800 | D        | Killed a death ooze
  1818 | D        | Got the +6 falchion "Hydrabane" {distort, rElec MP+9 Int+3}
  1822 | D        | Entered arena 19.
  1825 | D        | Noticed a spriggan defender
  1828 | D        | Killed an azure jelly
  1830 | D        | Identified the amulet of Wofriogg {Spirit rElec rPois
                  | Slay+3 Stlth-}
  1835 | D        | Killed a spriggan defender
  1836 | D        | Identified the ring "Qof Cidu" {Ice Str-5 Int-4 Dex+9
                  | Stlth+}
  1839 | D        | Killed an azure jelly
  1849 | D        | Reached XP level 14. HP: 99/99 MP: 25/32
  1850 | D        | Killed an acid blob
  1870 | D        | Killed an azure jelly
  1873 | D        | Killed an acid blob
  1898 | D        | Found a transporter.
  1906 | D        | Got Laix's Guide on the Voyage and Necromancy
  1913 | D        | Got the Reference Book on Orientation
  1915 | D        | Got the Handbook of the Scorpion
  1916 | D        | Killed an azure jelly
  1917 | D        | Got the Almanac of the Sneaky Knaves
  1970 | D        | Killed an acid blob
  1972 | D        | Killed an acid blob
  1987 | D        | Killed an azure jelly
  2054 | D        | Bought a potion of heal wounds for 65 gold pieces
  2054 | D        | Bought a potion of lignification for 39 gold pieces
  2054 | D        | Bought a wand of iceblast (11) for 195 gold pieces
  2054 | D        | Bought a scroll of amnesia for 45 gold pieces
  2059 | D        | Entered arena 20.
  2071 | D        | Noticed a tentacled starspawn
  2071 | D        | Noticed a starcursed mass
  2071 | D        | Noticed a balrug
  2073 | D        | Identified the ring "Siklutam" {Ice rElec}
  2073 | D        | Killed a tentacled starspawn
  2073 | D        | Reached skill level 15 in Spellcasting
  2073 | D        | Reached skill level 15 in Fire Magic
  2073 | D        | Identified the +2 dagger of Zaijar {vorpal, *Drain rElec
                  | rF- Int+3}
  2075 | D        | Found a transporter.
  2080 | D        | Killed a balrug
  2107 | D        | Killed an azure jelly
  2117 | D        | Acquired the +4 hat of the Farmer {Int+3}
  2126 | D        | Killed an azure jelly
  2160 | D        | Got the ring of Rurum {Str+6 Int+3 SInv Stlth+}
  2178 | D        | Learned a level 9 spell: Fire Storm
  2179 | D        | Entered arena 21.
  2189 | D        | Noticed a deep elf master archer
  2189 | D        | Noticed a deep elf annihilator
  2189 | D        | Noticed a deep elf master archer
  2190 | D        | Found the +0 staff of Battle
  2190 | D        | Noticed a deep elf sorcerer
  2190 | D        | Noticed a deep elf master archer
  2190 | D        | Noticed a deep elf annihilator
  2190 | D        | Noticed a deep elf annihilator
  2190 | D        | Noticed a deep elf blademaster
  2190 | D        | Identified the +7 battleaxe "Qaif" {speed, Str+3 Int+4
                  | Dex-2}
  2190 | D        | Identified the cursed +2 morningstar of Guoprymy {freeze,
                  | *Corrode rElec MR+ Str+5}
  2191 | D        | Found a transporter.
  2191 | D        | Identified the +2 robe "Xoqanod" {rElec MR- Str+4 Dex+4}
  2193 | D        | Killed a deep elf master archer
  2193 | D        | Killed a deep elf master archer
  2193 | D        | Killed a deep elf annihilator
  2193 | D        | Killed a deep elf annihilator
  2193 | D        | Killed a deep elf blademaster
  2193 | D        | Killed a deep elf sorcerer
  2193 | D        | Killed a deep elf master archer
  2194 | D        | Reached XP level 15. HP: 58/103 MP: 7/36
  2252 | D        | Killed an acid blob
  2298 | D        | Entered arena 22.
  2306 | D        | Noticed a ghost moth
  2310 | D        | Noticed an emperor scorpion
  2311 | D        | Noticed a ghost moth
  2311 | D        | Noticed a ghost moth
  2311 | D        | Noticed a ghost moth
  2312 | D        | Found the -2 hat of the Alchemist {rElec rPois rF+ rC+ rN+
                  | MR+ rMut rCorr}
  2312 | D        | Found a transporter.
  2313 | D        | Reached skill level 15 in Conjurations
  2313 | D        | Killed a ghost moth
  2313 | D        | Killed a ghost moth
  2313 | D        | Killed a ghost moth
  2313 | D        | Killed a ghost moth
  2319 | D        | Killed an emperor scorpion
  2331 | D        | Killed an acid blob
  2351 | D        | Killed an azure jelly
  2368 | D        | Killed an azure jelly
  2402 | D        | Learned a level 2 spell: Sticks to Snakes
  2407 | D        | Killed an acid blob
  2411 | D        | Killed an acid blob
  2413 | D        | Entered arena 23.
  2422 | D        | Killed the 27-headed Lernaean hydra
  2426 | D        | Noticed a greater mummy
  2429 | D        | Noticed an emperor scorpion
  2429 | D        | Noticed an emperor scorpion
  2431 | D        | Killed a greater mummy
  2435 | D        | Identified the +5 long sword of Big Damage {antimagic,
                  | rElec MR+}
  2468 | D        | Killed an acid blob
  2471 | D        | Found a transporter.
  2485 | D        | Got the ring "Rudeuqif" {rPois rF+++ rC- MR+ Slay+5}
  2503 | D        | Got the ring of Saha Say {MR+ MP+9}
  2537 | D        | Killed an acid blob
  2563 | D        | Learned a level 9 spell: Absolute Zero
  2564 | D        | Bought a potion of heal wounds for 120 gold pieces
  2564 | D        | Bought a potion of heal wounds for 120 gold pieces
  2564 | D        | Bought a shiny lead wand for 96 gold pieces
  2564 | D        | Bought a scroll of identify for 48 gold pieces
  2568 | D        | Entered arena 24.
  2570 | D        | Killed an azure jelly
  2579 | D        | Noticed an acid blob
  2579 | D        | Noticed an acid blob
  2580 | D        | Noticed an acid blob
  2580 | D        | Noticed an acid blob
  2580 | D        | Noticed an azure jelly
  2581 | D        | Found the brooch of Shielding {Spirit SH+8}
  2581 | D        | Noticed an azure jelly
  2581 | D        | Noticed an acid blob
  2583 | D        | Killed an azure jelly
  2583 | D        | Reached skill level 1 in Ice Magic
  2583 | D        | Reached XP level 16. HP: 107/107 MP: 40/40
  2583 | D        | Killed an acid blob
  2583 | D        | Reached skill level 10 in Evocations
  2583 | D        | Killed an acid blob
  2583 | D        | Killed an acid blob
  2583 | D        | Reached skill level 5 in Ice Magic
  2583 | D        | Killed an azure jelly
  2583 | D        | Killed an azure jelly
  2583 | D        | Killed an acid blob
  2584 | D        | Killed an acid blob
  2586 | D        | Found a transporter.
  2640 | D        | Killed an acid blob
  2687 | D        | Killed Kirke
  2746 | D        | Got the ring "Damuh" {rC+ rN+ MP+9 SInv}
  2828 | D        | Killed an azure jelly
  2879 | D        | Entered arena 25.
  2891 | D        | Noticed an acid blob
  2891 | D        | Noticed an acid blob
  2891 | D        | Noticed an acid blob
  2892 | D        | Noticed an acid blob
  2892 | D        | Noticed an azure jelly
  2892 | D        | Noticed an acid blob
  2893 | D        | Noticed an azure jelly
  2893 | D        | Noticed an azure jelly
  2893 | D        | Noticed an acid blob
  2893 | D        | Noticed an azure jelly
  2894 | D        | Found the amulet of the Four Winds {rN+ MR+++ Clar}
  2894 | D        | Found a transporter.
  2895 | D        | Killed an azure jelly
  2895 | D        | Killed an azure jelly
  2895 | D        | Killed an azure jelly
  2895 | D        | Killed an azure jelly
  2895 | D        | Killed an acid blob
  2895 | D        | Reached skill level 10 in Ice Magic
  2895 | D        | Killed an acid blob
  2895 | D        | Reached XP level 17. HP: 124/124 MP: 43/43
  2895 | D        | Killed an acid blob
  2895 | D        | Killed an acid blob
  2897 | D        | Killed an acid blob
  2897 | D        | Reached skill level 15 in Fighting
  2897 | D        | Killed an acid blob
  2929 | D        | Killed an acid blob
  3006 | D        | Got the ring of Ryagonlu {+Fly rF+ rC++ SInv}
  3010 | D        | Killed an acid blob
  3020 | D        | Learned a level 9 spell: Shatter
  3022 | D        | Entered arena 26.
  3022 | D        | Noticed an acid blob
  3022 | D        | Noticed an acid blob
  3022 | D        | Noticed an acid blob
  3022 | D        | Noticed Chuck
  3022 | D        | Identified the +6 sword of Cerebov {flame}
  3022 | D        | Noticed Cerebov
  3022 | D        | Noticed Mennas
  3022 | D        | Noticed Murray
  3022 | D        | Identified the +7 sceptre of Asmodeus
  3022 | D        | Noticed Asmodeus
  3022 | D        | Identified the +4 staff of Dispater
  3022 | D        | Noticed Dispater
  3022 | D        | Noticed an acid blob
  3023 | D        | Noticed an acid blob
  3023 | D        | Noticed an acid blob
  3023 | D        | Noticed an acid blob
  3023 | D        | Noticed an acid blob
  3023 | D        | Noticed an acid blob
  3023 | D        | Noticed Geryon
  3023 | D        | Noticed Jory
  3023 | D        | Noticed Nellie
  3023 | D        | Identified the ring "Nit Nuhe" {rPois MP+9 Str+5 Slay-2}
  3023 | D        | Noticed Margery
  3023 | D        | Identified the ring "Aqecwynt" {rF+ Int+3 SInv}
  3023 | D        | Noticed Donald
  3023 | D        | Identified the +5 ring mail of Roderod {rPois Regen+ Dex+3
                  | Stlth+}
  3023 | D        | Noticed Mara
  3023 | D        | Noticed Aizul
  3023 | D        | Noticed Polyphemus
  3024 | D        | Found a transporter.
  3024 | D        | Noticed an acid blob
  3024 | D        | Noticed an acid blob
  3024 | D        | Noticed an acid blob
  3024 | D        | Noticed Harold
  3024 | D        | Identified the +8 long sword of Xouliemp {vamp, rC+}
  3024 | D        | Noticed Nessos
  3024 | D        | Noticed Ereshkigal
  3024 | D        | Identified the +9 broad axe of Domination {flame, +Blink
                  | rElec MR++ Int-3}
  3024 | D        | Identified the ring "Etagasin" {Wiz rC+ rN+}
  3024 | D        | Noticed Louise
  3024 | D        | Noticed the Royal Jelly
  3024 | D        | Noticed the Serpent of Hell
  3025 | D        | Found the +2 hood of the Assassin {Detection Stab+ Stlth++}
  3025 | D        | Noticed MordorOrchid's illusion
  3025 | D        | Noticed an acid blob
  3025 | D        | Noticed Azrael
  3026 | D        | Entered arena 27.
  3029 | D        | Killed an acid blob
  3029 | D        | Killed Nessos
  3039 | D        | Reached skill level 15 in Ice Magic
  3041 | D        | Killed an acid blob
  3043 | D        | Identified the +6 flail of Departure {freeze, rF+ MR-
                  | Int+5}
  3044 | D        | Reached skill level 15 in Long Blades
  3048 | D        | Reached XP level 18. HP: 75/144 MP: 27/44
  3146 | D        | Found a transporter.
  3192 | D        | Entered arena 28.
  3192 | D        | Identified the +2 scale mail of the Eternal Void {rCorr
                  | Str+4}
  3197 | D        | Identified the +8 dagger of Grim Courage {vorpal, rElec
                  | rPois Str-2 Dex+3}
  3199 | D        | Identified the +3 war axe of the Endless Invaders {vorpal,
                  | rF+ rC+ Str+4 Dex-3}
  3200 | D        | Reached skill level 10 in Transmutations
  3200 | D        | Noticed an ancient lich
  3200 | D        | Noticed a lich
  3201 | D        | Noticed a lich
  3202 | D        | Noticed an Ice Fiend
  3202 | D        | Reached skill level 10 in Necromancy
  3202 | D        | Killed a lich
  3202 | D        | Reached skill level 15 in Earth Magic
  3203 | D        | Killed a lich
  3203 | D        | Identified the ring of the Priest {rElec AC+4 Stlth+}
  3203 | D        | Noticed a lich
  3204 | D        | Killed an ancient lich
  3207 | D        | Killed a lich
  3283 | D        | Found the amulet of the Air {Inacc +Fly rElec EV+5 RMsl}
  3308 | D        | Found a transporter.
  3309 | D        | Found the +2 cloak of the Thief {+Fog Slay-2 SInv Stlth+}
  3353 | D        | Got the Disquisition on Changing
  3365 | D        | Got the Guide on Confrontation and Feathers
  3377 | D        | Got the Reference Book on the Ghastly Mountains
  3398 | D        | Got the Orb of Zot
  3403 | D        | Escaped with the Orb!

Illustrated notes

Levels and vault maps discovered:
D:        sprint_v [room_start, room_1, room_2, room_3, room_4, room_5, room_6,
          room_7, room_8, room_9, room_10, room_11, room_12, room_13, room_14,
          room_15, room_16, room_17, room_18, room_19, room_20, room_21,
          room_22, room_23, room_24, room_25, room_26, room_27]

Skill      XL: |  1  2  3  4  5  6  7  8  9 10 11 12 13 14 15 16 17 18 |
---------------+-------------------------------------------------------+-----
Fighting       | 5 7 9 10 13 19 20 | 20.0
Shields        | 5 6 7 8 9 11 12 14 15 | 15.0
Dodging        | 4 5 7 8 10 12 | 12.0
Spellcasting   | 4 5 6 8 9 10 11 12 14 17 20 22 | 22.0
Earth Magic    | 6 7 8 9 11 12 13 14 16 | 16.2
Evocations     | 3 4 5 6 7 9 12 | 12.0
Long Blades    | 2 4 5 10 15 16 | 16.0
Transmutations | 2 5 7 8 12 | 12.0
Conjurations   | 1 4 7 9 10 14 19 20 22 | 22.0
Fire Magic     | 1 4 7 9 14 17 20 22 | 22.0
Necromancy     | 3 5 10 | 10.0
Ice Magic      | 1 10 17 22 | 22.5
Stealth        | |  2.6

Action                   |  1- 3 |  4- 6 |  7- 9 | 10-12 | 13-15 | 16-18 || total
-------------------------+-------+-------+-------+-------+-------+-------++-------
Melee: Broad axe         |     3 |     3 |    19 |    50 |       |       ||    75
       Constrict         |     1 |       |     2 |    20 |     4 |     2 ||    29
       Tentacles         |       |       |     4 |    26 |    11 |       ||    41
       Double sword      |       |       |       |    31 |    38 |     5 ||    74
       Staff             |       |       |       |       |     2 |     1 ||     3
 Cast: Irradiate         |       |       |       |     2 |     5 |     1 ||     8
       Statue Form       |       |       |       |     3 |     7 |     3 ||    13
       Borgnjor's Vile C |       |       |       |       |     6 |     1 ||     7
       Ignition          |       |       |       |       |     7 |    14 ||    21
       Fire Storm        |       |       |       |       |     3 |     8 ||    11
       Absolute Zero     |       |       |       |       |       |     1 ||     1
Invok: Potion Petition   |       |       |       |     9 |    12 |     2 ||    23
       Call Merchant     |       |       |       |       |     2 |       ||     2
Evoke: Tin of tremorston |       |       |       |     1 |     1 |       ||     2
  Use: Potion            |     5 |     2 |     6 |     5 |     2 |     1 ||    21
       Scroll            |       |       |     1 |     1 |    12 |     4 ||    18
 Stab: Sleeping          |     3 |     1 |    11 |     6 |     6 |       ||    27
       Distracted        |       |       |     1 |     2 |     1 |     1 ||     5
       Invisible         |       |       |     1 |     1 |     1 |       ||     3
  Eat: Ration            |       |       |       |     2 |     2 |     1 ||     5
Armor: Skin              |       |       |       |     8 |    24 |     8 ||    40
Dodge: Dodged            |       |     2 |     6 |    37 |    28 |    11 ||    84
Block: Kite shield       |     1 |     2 |    21 |   133 |    72 |    41 ||   270
       Rpst.: Double sword |       |       |       |     4 |     4 |       ||     8
